 Dungeon Crawl Stone Soup version 0.20-a0-1089-g3fde505 (webtiles) character file.

295 Rrauwl the Covered (level 6, -7/51 HPs)
             Began as a Barachi Fighter on May 4, 2017.
             Was a Believer of Lugonu.
             Killed by divine providence
             ... invoked by an orc priest
              (16 damage)
             ... on level 3 of the Dungeon.
             The game lasted 00:10:00 (2371 turns).

Rrauwl the Covered (Barachi Fighter)                Turns: 2371, Time: 00:10:01

Health: -7/51      AC: 13    Str: 18    XL:     6   Next: 34%
Magic:  6/6        EV:  9    Int:  8    God:    Lugonu [**....]
Gold:   138        SH:  9    Dex: 13    Spells: 5/5 levels left

rFire    + . .     SeeInvis .   a - +1 long sword
rCold    . . .     Gourm    .   c - +0 shield
rNeg     . . .     Faith    .   b - +0 scale mail
rPois    .         Spirit   .   (no helmet)
rElec    .         Reflect  .   j - +1 cloak
rCorr    .         Harm     .   (no gloves)
MR       .....                  (no boots)
Stlth    ..........             (no amulet)
Regen    0.2/turn               (no ring)
MPRegen  0.1/turn               (no ring)

@: slow
A: +LOS, swims, thin metallic scales 1, yellow scales 1, fire resistance 1,
slowness 1, wild magic 1, strong legs 1
a: Hop, Depart the Abyss, Bend Space, Renounce Religion


You were on level 3 of the Dungeon.
You worshipped Lugonu.
Lugonu was pleased with you.
You were not hungry.

You visited 1 branch of the dungeon, and saw 3 of its levels.

You collected 138 gold pieces.

Inventory:

Hand Weapons
 a - a +1 long sword (weapon)
Missiles
 l - 53 arrows
Armour
 b - a +0 scale mail (worn)
 c - a +0 shield (worn)
 j - a +1 cloak (worn)
Scrolls
 i - 4 scrolls of identify
 m - 3 scrolls of remove curse
 o - 2 scrolls of teleportation
Potions
 d - a potion of might
 h - a potion of brilliance
 p - a potion of heal wounds {unknown}
Books
 e - a book of Changes

   Spells                             Type                      Level
   a - Beastly Appendage              Transmutation                1
   b - Sticks to Snakes               Transmutation                2
   c - Spider Form                    Transmutation/Poison         3
   d - Ice Form                       Ice/Transmutation            4
   e - Blade Hands                    Transmutation                5
Comestibles
 f - 2 bread rations
 g - 4 royal jellies
 k - 6 chunks of flesh


   Skills:
 + Level 5.0 Fighting
 + Level 4.3 Long Blades
 - Level 5.0 Armour
 + Level 2.9 Dodging
 - Level 4.0 Shields


You had 5 spell levels left.
You didn't know any spells.

Dungeon Overview and Level Annotations

Branches:
Dungeon (3/15)

Altars:
Hepliaklqana
Lugonu


Innate Abilities, Weirdness & Mutations

Shadows flee at your approach. (+LOS)
You can swim through water.
You cover ground slowly.
You can hop short distances.
You are partially covered in thin metallic scales. (AC +2)
You are partially covered in yellow scales. (AC +2)
Your flesh is heat resistant. (rF+)
Your spells are a little harder to cast, but a little more powerful.


Message History

You block the orc priest's attack.
You hit the orc priest.
You kill the orc priest!
Lugonu accepts your kill.
Your Fighting skill increases to level 5!
The orc priest mumbles some strange prayers to Beogh against you.
Pain shoots through your body!
* * * LOW HITPOINT WARNING * * *
You feel better. You block the orc priest's attack.
You slash the orc priest!
The orc priest is heavily wounded.
The orc priest hits you but does no damage.
You barely miss the orc priest.
The orc priest is heavily wounded.
The orc priest closely misses you.
You completely miss the orc priest.
The orc priest is heavily wounded.
The orc priest invokes the aid of Beogh against you.
Beogh smites you!
You die...

.#.............
.#.............
......#........
..###.##....##
####......#.### #
##.......#...# .##
#.........##..### ....
#.........# #...# .....
#.........# #@# .o....
#...).....# ###o##.......
#.........###...)........
#.............####.......
#..........##### ......
.....>.....# .....
##.........# ###.
#.........# ##.......##


You could see an orc priest.

Vanquished Creatures
  A hound (D:3)
  3 orc priests (D:3)
  3 adders
  4 gnolls (D:2)
  3 oozes
  2 worms (D:2)
  A dart slug (D:1)
  2 leopard geckos
  11 orcs
  2 giant cockroaches
  9 goblins
  11 hobgoblins
  10 kobolds
  2 ball pythons
  10 bats
  4 frilled lizards
  5 rats
83 creatures vanquished.

Notes
Turn   | Place    | Note
-------+----------+-------------------------------------------
     0 | D:1      | Rrauwl the Barachi Fighter began the quest for the Orb.
     0 | D:1      | Reached XP level 1. HP: 18/18 MP: 1/1
    63 | D:1      | Reached XP level 2. HP: 24/25 MP: 2/2
   457 | D:1      | Reached XP level 3. HP: 29/30 MP: 3/3
   982 | D:2      | Reached skill level 1 in Dodging
  1006 | D:2      | Reached XP level 4. HP: 9/37 MP: 4/4
  1008 | D:2      | Gained mutation: You are partially covered in yellow scales. (AC +2) [potion of mutation]
  1008 | D:2      | Gained mutation: Your spells are a little harder to cast, but a little more powerful. [potion of mutation]
  1008 | D:2      | Gained mutation: You are partially covered in thin metallic scales. (AC +2) [potion of mutation]
  1008 | D:2      | Gained mutation: Your flesh is heat resistant. (rF+) [potion of mutation]
  1475 | D:2      | Found a hazy altar of Hepliaklqana.
  1717 | D:2      | Reached XP level 5. HP: 41/42 MP: 5/5
  2144 | D:3      | Found a faded altar of an unknown god.
  2161 | D:3      | Became a worshipper of Lugonu the Unformed
  2161 | D:3      | Reached * piety under Lugonu
  2161 | D:3      | Reached ** piety under Lugonu
  2227 | D:3      | Reached skill level 5 in Armour
  2300 | D:3      | Reached XP level 6. HP: 49/49 MP: 6/6
  2367 | D:3      | Reached skill level 5 in Fighting
  2367 | D:3      | HP: 2/51 [orc priest/nerve-wracking pain (10)]
  2371 | D:3      | Killed from afar by an orc priest

Vault maps used:
D:1:      sevenhm_arrival_forest_fort_large_4
D:2:      lemuel_tele_altar
D:3:      chequers_ecumenical_altar_island, fedhas_altar_3,
          uniq_crazy_yiuf_cottage

Skill      XL: |  1  2  3  4  5  6 |
---------------+-------------------+-----
Armour         | 4 5 |  5.0
Dodging        | 1 2 |  2.9
Long Blades    | 3 4 |  4.3
Fighting       | 4 5 |  5.0
Shields        | 4 |  4.0

Action                   |  1- 3 |  4- 6 || total
-------------------------+-------+-------++-------
Melee: Long sword        |   104 |   172 ||   276
 Abil: Hop               |       |     1 ||     1
  Use: Scroll            |       |     6 ||     6
       Potion            |       |     5 ||     5
  Eat: Chunk             |     1 |     5 ||     6
Armor: Scale mail        |    61 |    66 ||   127
Dodge: Dodged            |    35 |    63 ||    98
Block: Shield            |    62 |    83 ||   145
       Rpst.: Long sword |     7 |    17 ||    24
